 Dungeon Crawl Stone Soup version 0.16.2-12-gd0ad4c3 (webtiles) character file.

7452 faibistes the Basher (level 11, 0/105 HPs)
             Began as an Ogre Warper on Dec 7, 2017.
             Was a Believer of the Shining One.
             Slain by a yak (8 damage)
             ... on level 10 of the Dungeon.
             The game lasted 00:53:36 (21682 turns).

faibistes the Basher (Ogre Warper)                 Turns: 21682, Time: 00:53:37

Health: 0/105      AC:  5    Str: 21    XL:     11   Next: 15%
Magic:  0/26       EV: 10    Int: 15    God:    the Shining One [**....]
Gold:   51         SH:  0    Dex:  9    Spells: 7 memorised, 8 levels left

rFire  . . .     SeeInvis .     w - +0 giant club
rCold  . . .     Clarity  .     b - +0 robe
rNeg   + . .     SustAb   .     (shield restricted)
rPois  .         Gourm    .     (helmet restricted)
rElec  .         Spirit   +     K - +1 cloak
rCorr  .         Warding  .     (gloves unavailable)
rMut   .         Stasis   .     (boots unavailable)
MR     ++...                    N - amulet of guardian spirit
Stlth  +.........               O - +3 ring of strength
                                i - ring of protection from magic

@: glowing, very resistant to hostile enchantments, very unstealthy
A: unfitting armour, tough skin 1
a: Divine Shield, Renounce Religion


You were on level 10 of the Dungeon.
You worshipped the Shining One.
The Shining One was pleased with you.
You were not hungry.

You visited 2 branches of the dungeon, and saw 12 of its levels.

You collected 427 gold pieces.
You spent 376 gold pieces at shops.

Inventory:

Hand weapons
 a - a +0 mace
 w - a +0 giant club (weapon)
 V - the +1 long sword of Greed {vamp, Int+2 Dex+4, unknown}
   (You found it on level 9 of the Dungeon)

   It inflicts no extra harm, but heals its wielder somewhat when it strikes a
   living foe.
   It affects your intelligence (+2).
   It affects your dexterity (+4).
   The Shining One opposes the use of such an evil item.
Missiles
 g - 317 stones (quivered)
 D - 15 tomahawks
 E - 6 steel tomahawks
 L - a large rock
Armour
 b - a +0 robe (worn)
 K - a +1 cloak (worn)
Rods
 W - a +1 iron rod (14/14)
   (You found it on level 9 of the Dungeon)
Jewellery
 i - a ring of protection from magic (left hand)
 j - an uncursed ring of fire
 m - an uncursed ring of ice
 v - an uncursed ring of positive energy
 N - an amulet of guardian spirit (around neck)
 O - a +3 ring of strength (right hand)
Magical devices
 h - a wand of polymorph (11)
 o - a wand of lightning (0)
 q - a wand of paralysis (0)
 u - a wand of disintegration (0)
 x - a wand of digging (8)
 A - a wand of enslavement (0)
 J - a wand of fire (3)
Scrolls
 r - 2 scrolls of noise
 s - 5 scrolls of remove curse
 B - a scroll of amnesia
 F - a scroll of recharging
Potions
 d - a potion of haste
 k - 2 potions of restore abilities
 l - a potion of curing
 p - a potion of magic
 z - a potion of cure mutation
 C - a potion of agility {unknown}
 H - a potion of beneficial mutation {unknown}
 I - a potion of poison {unknown}
 P - 2 potions of brilliance {unknown}
 R - a potion of lignification {unknown}
 S - a potion of berserk rage {unknown}
 U - a potion of experience {unknown}
Books
 c - a book of Spatial Translocations

   Spells                             Type                      Level
   a - Apportation                    Translocation                1
   b - Blink                          Translocation                2
   c - Shroud of Golubria             Charms/Translocation         2
   d - Portal Projectile              Translocation                3
   e - Teleport Other                 Translocation                3
   f - Passage of Golubria            Translocation                4
 t - a book of the Earth

   Spells                             Type                      Level
   a - Leda's Liquefaction            Hexes/Earth                  4
   b - Bolt of Magma                  Conjuration/Fire/Earth       5
   c - Statue Form                    Transmutation/Earth          6
   d - Iron Shot                      Conjuration/Earth            6
   e - Shatter                        Earth                        9
 y - a book of Burglary

   Spells                             Type                      Level
   a - Swiftness                      Charms/Air                   2
   b - Passwall                       Transmutation/Earth          3
   c - Passage of Golubria            Translocation                4
   d - Lee's Rapid Deconstruction     Earth                        5
   e - Invisibility                   Hexes                        6
   f - Darkness                       Hexes                        7
Comestibles
 f - 6 meat rations
 n - 8 bread rations
 G - 5 chunks of flesh
 M - 5 beef jerkies


   Skills:
 + Level 6.3 Fighting
 * Level 8.7 Maces & Flails
 * Level 7.0 Throwing
 + Level 4.2 Armour
 - Level 1.7 Dodging
 * Level 7.6 Spellcasting
 + Level 3.0 Charms
 * Level 5.6 Translocations
 * Level 4.5 Invocations
 * Level 5.1 Evocations


You had 8 spell levels left.
You knew the following spells:

 Your Spells              Type           Power        Failure   Level  Hunger
a - Apportation           Tloc           ###.......   1%          1    None
b - Teleport Other        Tloc           ###.....     3%          3    ##.....
c - Shroud of Golubria    Chrm/Tloc      ###.......   3%          2    None
d - Blink                 Tloc           N/A          1%          2    None
e - Portal Projectile     Tloc           ###...       3%          3    ##.....
f - Passage of Golubria   Tloc           N/A          14%         4    ####...
g - Swiftness             Chrm/Air       ##......     12%         2    None


Dungeon Overview and Level Annotations

Branches:
Dungeon (11/15)            Temple (1/1) D:4
   Lair: D:8-11         Orc: D:9-12

Altars:
Ashenzari
Cheibriados
Dithmenos
Elyvilon
Fedhas
Gozag
Kikubaaqudgha
Makhleb
Nemelex Xobeh
Okawaru
Qazlal
Ru
Sif Muna
Trog
Vehumet
Xom
Yredelemnul
Zin
The Shining One

Shops:
D:4 [   D:8 *   D:9 !


Innate Abilities, Weirdness & Mutations

You are too large for most types of armour.
You have tough skin (AC +1).


Message History

* * * LOW HITPOINT WARNING * * *
You bludgeon the yak!!
The yak is almost dead.
The yak gores you!
* * * LOW HITPOINT WARNING * * *
The yak gores you but does no damage.
You sock the yak!
You kill the yak!
Your Charms skill increases to level 3!
You bludgeon the yak!!
The yak is heavily wounded.
The yak misses you. The yak gores you.
* * * LOW HITPOINT WARNING * * *
You hit the yak but do no damage.
The yak is heavily wounded.
The yak barely misses you.
You hit the yak but do no damage.
The yak is heavily wounded.
The yak gores you!
You die...

######.#... ........#Y###
##...)...# ##).#..##.#
##.....## #..)#### #.#.#
##.#Y# #..#@# ######.##.#
###......##.####.#
.....##[.###......#
..............#####
...........#.################
...####...##.###............#
# ####..........##########.#
#######....##....#######


You could see a yak.

Vanquished Creatures
  The ghost of DEFE the Prestidigitator, an experienced DEWr of Sif Muna (D:10)
  A gargoyle (D:10)
  A two-headed ogre (D:9)
  A shadow (D:9)
  A hippogriff (D:9)
  2 yaks (D:10)
  Eustachio (D:8)
  A hungry ghost (D:9)
  The ghost of DEFE the Cutter, an average DEWr of Makhleb (D:5)
  4 orc warriors
  2 phantoms
  A sky beast (D:7)
  6 ogres
  6 centaurs
  Duvessa (D:6)
  8 giant frogs
  2 scorpions
  8 wights
  A water moccasin skeleton (D:9)
  4 killer bees (D:9)
  A goliath beetle (D:6)
  15 jellies
  Dowan (D:6)
  A centaur zombie (D:6)
  A gnoll shaman (D:6)
  2 crimson imps
  7 hounds
  A giant frog zombie (D:8)
  6 orc priests
  A giant frog skeleton (D:4)
  7 worker ants
  3 iguanas
  2 centaur skeletons
  10 orc wizards
  A worker ant zombie (D:5)
  11 adders
  21 gnolls
  3 worms
  2 giant mites
  2 shadow imps
  An adder skeleton (D:9)
  An adder zombie (D:4)
  7 giant geckos
  An ooze (D:4)
  33 orcs
  3 bat skeletons
  A bat zombie (D:6)
  5 giant cockroaches
  18 goblins
  14 hobgoblins
  13 jackals
  21 bats
  A giant gecko skeleton (D:5)
  12 giant newts
  23 kobolds
  3 orc zombies (D:9)
  6 quokkas
  2 quokka zombies
  21 rats
  3 ballistomycetes (D:9)
340 creatures vanquished.

Vanquished Creatures (collateral kills)
  4 killer bees
4 creatures vanquished.

Vanquished Creatures (others)
  4 killer bees
  A hobgoblin (D:7)
  2 giant spores
  7 fungi (D:10)
  2 plants (D:7)
16 creatures vanquished.

Grand Total: 360 creatures vanquished

Notes
Turn   | Place    | Note
--------------------------------------------------------------
     0 | D:1      | faibistes, the Ogre Warper, began the quest for the Orb.
     0 | D:1      | Reached XP level 1. HP: 22/22 MP: 3/3
   479 | D:1      | Reached skill level 3 in Fighting
   762 | D:1      | Reached XP level 2. HP: 26/31 MP: 5/5
   769 | D:1      | Learned a level 2 spell: Blink
   772 | D:1      | Learned a level 2 spell: Shroud of Golubria
  1571 | D:1      | Reached skill level 1 in Armour
  1623 | D:2      | Reached XP level 3. HP: 37/37 MP: 6/6
  2061 | D:2      | Reached XP level 4. HP: 30/45 MP: 8/8
  2070 | D:2      | Learned a level 3 spell: Teleport Other
  2742 | D:3      | Reached skill level 4 in Maces & Flails
  3768 | D:1      | Reached XP level 5. HP: 27/53 MP: 11/11
  5481 | D:3      | Reached XP level 6. HP: 36/62 MP: 9/13
  5610 | D:3      | Learned a level 3 spell: Portal Projectile
  7119 | D:4      | Found a staircase to the Ecumenical Temple.
  7130 | Temple   | Entered the Ecumenical Temple
  7337 | D:4      | Found Ynnucvaw's Antique Armour Shoppe.
  7387 | D:4      | HP: 3/62 [poisoned by a worker ant]
  7393 | D:4      | HP: 2/62 [poisoned by a worker ant]
  7401 | D:4      | HP: 2/62 [poisoned by a worker ant]
  7787 | D:3      | Reached XP level 7. HP: 58/70 MP: 15/15
  8067 | D:5      | Entered Level 5 of the Dungeon
  8283 | D:4      | Reached skill level 1 in Evocations
  8618 | D:5      | Noticed DEFE's ghost (average DEWr)
  8842 | D:5      | Killed DEFE's ghost
  8842 | D:5      | Reached skill level 5 in Maces & Flails
  9157 | D:4      | Found a shimmering altar of Xom.
  9535 | D:5      | Reached XP level 8. HP: 52/78 MP: 15/18
 10261 | D:5      | Learned a level 4 spell: Passage of Golubria
 10329 | D:5      | Reached skill level 1 in Charms
 11027 | D:7      | Reached skill level 5 in Throwing
 11027 | D:7      | Reached skill level 5 in Spellcasting
 11340 | D:8      | Found a shattered altar of Ashenzari.
 11456 | D:7      | Reached skill level 6 in Maces & Flails
 11792 | D:7      | Reached XP level 9. HP: 61/87 MP: 21/21
 11899 | D:7      | Found an iron altar of Okawaru.
 12263 | D:7      | Reached skill level 5 in Fighting
 12822 | D:6      | Found a glowing golden altar of the Shining One.
 12825 | D:6      | Became a worshipper of the Shining One
 13484 | D:5      | Reached skill level 1 in Invocations
 13768 | D:6      | Noticed Duvessa
 13768 | D:6      | Noticed Dowan
 14722 | D:6      | Killed Duvessa
 14729 | D:6      | Killed Dowan
 15040 | D:6      | Found a snail-covered altar of Cheibriados.
 15043 | D:6      | Found a burning altar of Makhleb.
 15046 | D:6      | Found a sacrificial altar of Ru.
 16255 | D:7      | Reached skill level 7 in Maces & Flails
 16384 | D:7      | Acquired the Shining One's first power
 16425 | D:7      | Reached XP level 10. HP: 66/96 MP: 24/24
 16608 | D:7      | Reached skill level 5 in Translocations
 17128 | D:7      | Learned a level 2 spell: Swiftness
 17552 | D:8      | Found a stormy altar of Qazlal.
 17722 | D:8      | Found Twuliz's Assorted Antiques.
 17735 | D:8      | Bought a potion of heal wounds for 140 gold pieces
 17735 | D:8      | Bought a granite ring for 140 gold pieces
 17763 | D:8      | Noticed Eustachio
 17773 | D:8      | Killed Eustachio
 17831 | D:9      | Noticed a two-headed ogre
 18876 | D:10     | Entered Level 10 of the Dungeon
 19071 | D:9      | Killed a two-headed ogre
 19121 | D:9      | HP: 3/98 [worker ant[an orc wizard] (3)]
 19128 | D:9      | Found Moorr's Distillery.
 19128 | D:9      | HP: 4/98 [worker ant[an orc wizard] (5)]
 19461 | D:9      | Bought a potion of heal wounds for 60 gold pieces
 19461 | D:9      | Bought a potion of curing for 36 gold pieces
 19488 | D:9      | Acquired the Shining One's second power
 19556 | D:9      | Got an iridescent long sword
 19851 | D:10     | Noticed DEFE's ghost (experienced DEWr)
 19861 | D:10     | Killed DEFE's ghost
 19861 | D:10     | Reached skill level 8 in Maces & Flails
 20781 | D:9      | Reached XP level 11. HP: 66/105 MP: 23/26
 21450 | D:9      | Reached skill level 5 in Evocations
 21682 | D:10     | Slain by a yak

Action                   |  1- 3 |  4- 6 |  7- 9 | 10-12 || total
-------------------------+-------+-------+-------+-------++-------
Melee: Mace              |   117 |   299 |    55 |       ||   471
       Giant club        |       |       |   435 |   252 ||   687
Throw: Tomahawk          |     3 |       |    30 |    19 ||    52
       Stone             |     3 |    52 |    99 |    22 ||   176
       Large rock        |       |       |       |     2 ||     2
 Cast: Shroud of Golubri |     1 |    29 |    51 |    28 ||   109
       Blink             |       |    11 |     4 |     7 ||    22
       Teleport Other    |       |     1 |       |       ||     1
Evoke: Wand              |       |     2 |     1 |     7 ||    10
  Use: Scroll            |       |     1 |     5 |     9 ||    15
       Potion            |       |       |       |     5 ||     5
  Eat: Chunk             |     4 |    17 |    25 |    16 ||    62
       Fruit             |       |     2 |       |       ||     2
       Beef jerky        |       |     1 |     1 |     2 ||     4
       Royal jelly       |       |       |     1 |       ||     1
       Pizza             |       |       |     1 |       ||     1
